[Event "Titled Tuesday Blitz February 07 Early 2023"]
[White "Arenas, David"]
[Black "Mesa Cruz, Juan Carlos"]
[WhiteFideId "4403177"]
[BlackFideId "6423400"]
[WhiteElo "2426"]
[BlackElo "2122"]
[Result "1/2-1/2"]
[Round "05"]
[TimeControl "180+2"]
[Date "2023.02.07"]
[WhiteClock "0:00:24"]
[BlackClock "0:00:19"]

1. e4 c5 2. Nf3 d6 3. Nc3 Nf6 4. e5 dxe5 5. Nxe5 e6 6. Bb5+ Nbd7 7. d4 a6 8. Bxd7+ Nxd7 9. Be3 cxd4 10. Qxd4 Nxe5 11. Qxe5 Qf6 12. Qc7 Bb4 13. O-O-O Bxc3 14. bxc3 O-O 15. Rd3 e5 16. Rhd1 Be6 17. Bb6 Qg5+ 18. Kb2 Qxg2 19. Qxe5 Qc6 20. Rd6 Qb5+ 21. Qxb5 axb5 22. a3 h6 23. Rg1 Rfc8 24. Bd4 g6 25. Rxe6 fxe6 26. Rxg6+ Kf7 27. Rxh6 Rc6 28. f4 e5 29. Rxc6 bxc6 30. Bxe5 Kg6 31. Kb3 Ra4 32. Bd6 Rc4 33. Bb4 Rxf4 34. Bd6 Rc4 35. Bb4 Rf4 36. Bd6 Rf1 37. Kb4 Rf2 38. Kc5 Rxc2 39. Be5 Kf5 40. Bd4 Rxh2 41. Kxc6 Ra2 42. Bc5 Ke4 43. Kxb5 Kd3 44. Bb4 Rh2 45. c4 Rh5+ 46. Bc5 Rh4 47. a4 Rxc4 48. a5 Rc1 49. a6 Rb1+ 50. Bb4 Rg1 51. a7 Rg8 52. Bd6 Ra8 53. Bb8 Rxa7 54. Bxa7 1/2-1/2


[Site "https://www.chess.com"]

[Event "Titled Tuesday Blitz February 07 Early 2023"]
[White "Gutkin, Ilya"]
[Black "Kubicka, Anna"]
[WhiteFideId "16203470"]
[BlackFideId "1152254"]
[WhiteElo "2273"]
[BlackElo "2240"]
[Result "1-0"]
[Round "05"]
[TimeControl "180+2"]
[Date "2023.02.07"]
[WhiteClock "0:00:08"]
[BlackClock "0:00:05"]

1. Nf3 Nf6 2. g3 g6 3. b3 Bg7 4. Bb2 O-O 5. Bg2 d6 6. d4 Nc6 7. O-O Bg4 8. c4 Nd7 9. Qd2 e5 10. dxe5 Ndxe5 11. Nc3 Nxf3+ 12. exf3 Bf5 13. Nd5 Ne7 14. Bf6 Bxf6 15. Nxf6+ Kh8 16. Qh6 g5 17. Qxg5 Bg6 18. f4 Nf5 19. Bxb7 h6 20. Qg4 Qxf6 21. Bxa8 Rxa8 22. Rfe1 Rg8 23. Rac1 Bh7 24. Qf3 Nd4 25. Qe3 c5 26. Qe7 Qxf4 27. Re3 Qf5 28. Qxd6 Nf3+ 29. Kg2 Nh4+ 30. Kh1 Ng6 31. Kg2 Nf4+ 32. Kh1 Nd3 33. Rxd3 Qxd3 34. Qf6+ Rg7 35. Re1 Be4+ 36. Kg1 Qf3 37. Qxf3 Bxf3 38. Re5 Rg5 39. Re7 Kg7 40. Kf1 a5 41. Ra7 Re5 42. Rxa5 h5 43. h4 Bg4 44. Rb5 Bh3+ 45. Kg1 Re1+ 46. Kh2 Bg4 47. Kg2 Bf5 48. Rxc5 Be4+ 49. f3 Re2+ 50. Kf1 Bxf3 51. Rf5 Bg4 52. Rg5+ Kf6 53. Rxg4 Rxa2 54. Rf4+ Kg6 55. Rf2 Ra3 56. Rb2 Kf5 57. Ke2 Kg4 58. Kf2 Ra1 59. c5 Rc1 60. b4 Rc3 61. b5 Rxc5 62. b6 Rc8 63. b7 Rb8 64. Rb4+ Kf5 65. Kf3 Kg6 66. Rb5 f6 67. Kf4 Kg7 68. Rb6 Kg6 69. Rb5 Kg7 70. Kf5 Kf7 71. Rb3 Kg7 72. Rb6 Kh7 73. Kxf6 Kh6 74. Kf5+ Kh7 75. Kg5 1-0


[Site "https://www.chess.com"]

[Event "Titled Tuesday Blitz February 07 Early 2023"]
[White "Hnydiuk, Aleksander"]
[Black "Dinu, Dumitru-Daniel"]
[WhiteFideId "1109057"]
[BlackFideId "1208403"]
[WhiteElo "2363"]
[BlackElo "2203"]
[Result "0-1"]
[Round "05"]
[TimeControl "180+2"]
[Date "2023.02.07"]
[WhiteClock "0:00:01"]
[BlackClock "0:00:16"]

1. e4 c5 2. Nf3 e6 3. d4 cxd4 4. Nxd4 Nf6 5. Nc3 Nc6 6. Ndb5 Bb4 7. a3 Bxc3+ 8. Nxc3 d5 9. Bd3 O-O 10. O-O d4 11. Ne2 e5 12. Ng3 Bg4 13. f3 Be6 14. f4 Bg4 15. Qe1 Nh5 16. f5 Qh4 17. Nxh5 Qxe1 18. Rxe1 Bxh5 19. Bc4 Kh8 20. f6 gxf6 21. Rf1 Bg6 22. Bd3 Kg7 23. Bd2 Nd8 24. Rf3 Ne6 25. Raf1 Ng5 26. Rxf6 h6 27. h4 Nh7 28. Rd6 h5 29. Rd7 b6 30. g4 Nf6 31. Rxf6 Kxf6 32. g5+ Ke6 33. Rd5 Rad8 34. Bb4 Rfe8 35. Bb5 Rg8 36. Bc4 Rxd5 37. Bxd5+ Kd7 38. Kf2 a5 39. Be1 Rc8 40. c3 Kd6 41. Ke2 dxc3 42. Bxc3 Rf8 43. Kd3 f5 44. gxf6 Rxf6 45. Bd2 Rf3+ 46. Kc2 Rh3 47. Bg5 Rg3 48. Kd2 Rg4 49. Ke3 Kc5 0-1


[Site "https://www.chess.com"]

[Event "Titled Tuesday Blitz February 07 Early 2023"]
[White "Omelja, Artem"]
[Black "Kalajzic, Ivan"]
[WhiteFideId "14119846"]
[BlackFideId "14506378"]
[WhiteElo "2446"]
[BlackElo "2062"]
[Result "1-0"]
[Round "05"]
[TimeControl "180+2"]
[Date "2023.02.07"]
[WhiteClock "0:00:09"]
[BlackClock "0:00:01"]

1. e4 Nc6 2. Nc3 d6 3. d4 g6 4. f3 Bg7 5. Be3 Nf6 6. Qd2 e5 7. Nge2 O-O 8. O-O-O Nd7 9. h4 Nb6 10. b3 a5 11. a4 exd4 12. Nxd4 Ne5 13. h5 c5 14. Ndb5 c4 15. Qxd6 Nbd7 16. Nc7 cxb3 17. Nxa8 b2+ 18. Kb1 Re8 19. Nc7 Bf8 20. Nxe8 Bxd6 21. Nxd6 b6 22. Bb5 Qe7 23. Nxc8 Qa3 24. Na2 Nc5 25. Bxc5 Qxc5 26. Nd6 Nc6 27. Bxc6 Qxc6 28. Nb5 Qc4 29. Nbc3 b5 30. axb5 a4 31. Kxb2 a3+ 32. Kxa3 Qc5+ 33. Kb3 Kg7 34. hxg6 hxg6 35. Rd5 Qf2 36. Rhd1 Qxg2 37. R1d3 g5 38. Nb4 g4 39. fxg4 Qxg4 40. R3d4 Qg1 41. Rd6 Qc1 42. b6 1-0


[Site "https://www.chess.com"]

[Event "Titled Tuesday Blitz February 07 Early 2023"]
[White "Seletsky, Grigory"]
[Black "I_KID_you_not"]
[WhiteFideId "14112191"]
[WhiteElo "2259"]
[BlackElo "2342"]
[Result "1-0"]
[Round "05"]
[TimeControl "180+2"]
[Date "2023.02.07"]
[WhiteClock "0:01:10"]
[BlackClock "0:01:14"]

1. e4 c5 2. Nc3 Nc6 3. d3 g6 4. Be3 d6 5. d4 cxd4 6. Bxd4 Nxd4 7. Qxd4 Nf6 8. e5 dxe5 9. Bb5+ Bd7 10. Qxe5 Bg7 11. O-O-O O-O 12. Bxd7 Nxd7 13. Qb5 Bxc3 14. bxc3 Qc7 15. Qxd7 Qxc3 16. Qd4 Qa3+ 17. Qb2 Qa5 18. Nf3 Rac8 19. Kb1 Rc6 20. Rd3 Rfc8 21. Rc1 f6 22. Rb3 b6 23. Rb5 Qa6 24. Qb3+ Kg7 25. c4 Re6 26. Rc2 Qb7 27. Qd3 Rd6 28. Rd5 Rdc6 29. Rd7 R8c7 30. Rxc7 Qxc7 31. Nd4 Rd6 32. Nb5 Rxd3 33. Nxc7 e5 34. Nb5 a6 35. Nc7 a5 36. Kb2 f5 37. a4 e4 38. Nd5 g5 39. Nxb6 f4 40. c5 e3 41. fxe3 fxe3 42. c6 Rd2 43. Rxd2 exd2 44. Kc2 1-0


[Site "https://www.chess.com"]

[Event "Titled Tuesday Blitz February 07 Early 2023"]
[White "Prieto Aranguren, Alain"]
[Black "Sharafiev, Azat"]
[WhiteFideId "2268906"]
[BlackFideId "4186214"]
[WhiteElo "2258"]
[BlackElo "2427"]
[Result "1/2-1/2"]
[Round "05"]
[TimeControl "180+2"]
[Date "2023.02.07"]
[WhiteClock "0:00:46"]
[BlackClock "0:00:30"]

1. d4 d5 2. c4 e6 3. Nc3 Nf6 4. cxd5 exd5 5. Nf3 c6 6. Bg5 Be7 7. e3 O-O 8. Qc2 a5 9. Bd3 h6 10. Bf4 Bg4 11. Ne5 Nbd7 12. Nxg4 Nxg4 13. O-O Ngf6 14. Rab1 Re8 15. a3 Nb6 16. Na4 Nxa4 17. Qxa4 Bd6 18. Bxd6 Qxd6 19. Qc2 h5 20. b4 axb4 21. axb4 Ng4 22. g3 h4 23. Bf5 Nh6 24. b5 hxg3 25. hxg3 Nxf5 26. Qxf5 Ra2 27. bxc6 bxc6 28. Rb7 Qe6 29. Qxe6 Rxe6 30. Rfb1 Rf6 31. R7b2 Rxb2 32. Rxb2 Kf8 33. Kg2 Ke7 34. Rb7+ Kd6 35. g4 g6 36. Kg3 g5 37. f3 Ke6 38. Rb8 Rg6 39. Rc8 Kd7 40. Rf8 Ke7 41. Rh8 Kd7 42. Kf2 Ke7 43. Ke2 Rd6 44. Rg8 f6 45. Rg7+ Ke6 46. Kd3 Rd7 47. Rg8 Ra7 48. Rc8 Kd7 49. Rf8 Ke7 50. Rc8 Ra3+ 51. Ke2 Ra2+ 52. Kd3 Ra3+ 53. Ke2 Kd7 54. Rf8 Ke7 55. Rc8 1/2-1/2


[Site "https://www.chess.com"]

[Event "Titled Tuesday Blitz February 07 Early 2023"]
[White "Vivas Zamora, Fabian Ernesto"]
[Black "Ruiz Aguilar, Pablo Alexander"]
[WhiteFideId "3902480"]
[BlackFideId "4401352"]
[WhiteElo "2346"]
[BlackElo "2161"]
[Result "1-0"]
[Round "05"]
[TimeControl "180+2"]
[Date "2023.02.07"]
[WhiteClock "0:00:02"]
[BlackClock "0:00:18"]

1. e4 c5 2. Nc3 Nc6 3. Bb5 a6 4. Bxc6 bxc6 5. f4 g6 6. Nf3 Bg7 7. O-O d6 8. d3 Nf6 9. Qe1 O-O 10. Qh4 d5 11. e5 Nd7 12. Na4 e6 13. Qxd8 Rxd8 14. Be3 d4 15. Bf2 a5 16. Nd2 Ba6 17. Ne4 Bf8 18. b3 Bb5 19. Rab1 Bxa4 20. bxa4 Rdb8 21. Rb3 Rb4 22. Rfb1 c4 23. dxc4 Nc5 24. Rxb4 axb4 25. Nf6+ Kg7 26. Rxb4 Nxa4 27. Rb7 Nc3 28. Kf1 c5 29. Bh4 h6 30. Ng4 Ne4 31. Bf6+ Nxf6 32. exf6+ Kg8 33. Ne5 Bd6 34. Nxf7 Bxf4 35. g3 Be3 36. Ne5 Rf8 37. Rg7+ Kh8 38. Nxg6# 1-0


[Site "https://www.chess.com"]

[Event "Titled Tuesday Blitz February 07 Early 2023"]
[White "Dushyant Sharma"]
[Black "Rose, Felix"]
[WhiteFideId "25065130"]
[BlackFideId "5105722"]
[WhiteElo "2355"]
[BlackElo "2091"]
[Result "1-0"]
[Round "05"]
[TimeControl "180+2"]
[Date "2023.02.07"]
[WhiteClock "0:01:08"]
[BlackClock "0:00:11"]

1. e4 e5 2. Nf3 Nc6 3. Nc3 Nf6 4. Bb5 Bb4 5. O-O O-O 6. d3 d6 7. Bg5 Bxc3 8. bxc3 Qe7 9. Re1 Nd8 10. d4 c6 11. Bd3 Bg4 12. h3 Bxf3 13. Qxf3 Ne6 14. Bxf6 Qxf6 15. Qxf6 gxf6 16. Bc4 Nc7 17. Rab1 b5 18. Bd3 Rab8 19. Re3 Rfd8 20. Rg3+ Kf8 21. f4 c5 22. fxe5 fxe5 23. Rf1 c4 24. Be2 Ne6 25. Bg4 Nf4 26. Rgf3 Rb7 27. g3 Ng6 28. d5 Kg7 29. h4 Nh8 30. Rf6 a5 31. a3 b4 32. axb4 axb4 33. cxb4 Rxb4 34. Bh5 Rd7 35. Bg4 Rd8 36. h5 h6 37. Be2 c3 38. Bd3 Rd7 39. Kg2 Ra4 40. Kh3 Ra6 41. Bxa6 1-0


[Site "https://www.chess.com"]

[Event "Titled Tuesday Blitz February 07 Early 2023"]
[White "Slade, Theodore"]
[Black "Mendez Machado, Andre"]
[WhiteFideId "426547"]
[BlackFideId "6603793"]
[WhiteElo "1995"]
[BlackElo "1974"]
[Result "1-0"]
[Round "05"]
[TimeControl "180+2"]
[Date "2023.02.07"]
[WhiteClock "0:00:46"]
[BlackClock "0:00:02"]

1. d4 Nf6 2. c4 e6 3. g3 d5 4. Bg2 Be7 5. Nf3 O-O 6. O-O dxc4 7. Qc2 a6 8. a4 Nc6 9. Qxc4 Na5 10. Qc2 b6 11. Ne5 Bb7 12. Bxb7 Nxb7 13. Nc6 Qe8 14. Bg5 Bc5 15. dxc5 Qxc6 16. Bxf6 gxf6 17. Qc3 f5 18. cxb6 Qxb6 19. Nd2 a5 20. Rac1 Rac8 21. Nc4 Qb4 22. Qxb4 axb4 23. b3 Nc5 24. Na5 Ne4 25. Nc6 Rfe8 26. Rfd1 Nc3 27. Rd2 Nd5 28. Rc4 Ra8 29. Nxb4 Nxb4 30. Rxb4 Reb8 31. Rxb8+ Rxb8 32. Rd3 Kf8 33. Rc3 c5 34. Kg2 Ke7 35. Rxc5 Rxb3 36. Rc7+ Kf6 37. a5 Ra3 38. Ra7 h5 39. h4 Ra2 40. e3 Ra3 41. Kf3 Ra2 42. a6 Ra3 43. Ra8 Ra2 44. a7 Ra3 45. Rh8 Rxa7 46. Rxh5 Ra2 47. Rh8 Kg7 48. Rb8 Kf6 49. Rb1 Ra3 50. Rb2 Ra8 51. Kf4 Ra4+ 52. Kf3 Ra3 53. Re2 Ra1 54. e4 Ra3+ 55. Re3 Ra2 56. exf5 Kxf5 57. g4+ Kf6 58. Re2 Ra3+ 59. Kf4 Ra4+ 60. Re4 Ra3 61. f3 Ra1 62. h5 Rh1 63. Ra4 1-0


[Site "https://www.chess.com"]

[Event "Titled Tuesday Blitz February 07 Early 2023"]
[White "Malka, Samuel"]
[Black "Wilson, Elvin"]
[WhiteFideId "20643675"]
[BlackFideId "2014874"]
[WhiteElo "2165"]
[BlackElo "2183"]
[Result "1-0"]
[Round "05"]
[TimeControl "180+2"]
[Date "2023.02.07"]
[WhiteClock "0:01:09"]
[BlackClock "0:00:15"]

1. d4 Nf6 2. c4 e6 3. Nf3 d5 4. g3 Bb4+ 5. Bd2 a5 6. Bg2 dxc4 7. Qc1 Nc6 8. Qxc4 Qd5 9. Qxd5 exd5 10. O-O Bg4 11. a3 Bd6 12. Bc3 Ne4 13. Nbd2 Nxd2 14. Nxd2 Ne7 15. e4 dxe4 16. Nxe4 O-O-O 17. Bxa5 Nc6 18. Bc3 Be7 19. d5 Rxd5 20. Nf6 Bxf6 21. Bxd5 Bxc3 22. bxc3 Nd8 23. Rfe1 c6 24. Bc4 Be6 25. Bxe6+ Nxe6 26. Rad1 Kc7 27. f4 g6 28. Kf2 Ra8 29. Ra1 h5 30. a4 Ra5 31. Re5 Ra6 32. f5 gxf5 33. Rxf5 Nd8 34. Rxh5 c5 35. Rxc5+ Kb8 36. h4 Rf6+ 37. Kg2 Nc6 38. Re1 Rd6 39. Re2 Kc7 40. Rf5 f6 41. h5 Kd7 42. h6 Ne7 43. Rf4 Ng6 44. Rd4 1-0


[Site "https://www.chess.com"]

[Event "Titled Tuesday Blitz February 07 Early 2023"]
[White "Shuvalov, Evgenij"]
[Black "Alhadad, Mahmoud"]
[WhiteFideId "4187237"]
[BlackFideId "11501863"]
[WhiteElo "2038"]
[BlackElo "1840"]
[Result "1-0"]
[Round "05"]
[TimeControl "180+2"]
[Date "2023.02.07"]
[WhiteClock "0:02:06"]
[BlackClock "0:00:56"]

1. d4 d5 2. c4 Nc6 3. Nf3 Bg4 4. Nc3 e6 5. cxd5 exd5 6. Qb3 Bb4 7. Bg5 Nge7 8. e3 O-O 9. Bd3 h6 10. Bh4 g5 11. Bg3 Bxf3 12. gxf3 Ng6 13. O-O-O Bxc3 14. bxc3 Na5 15. Qc2 Kg7 16. Rdg1 Qe7 17. h4 Qa3+ 18. Kd2 gxh4 19. Be5+ Kh7 20. Bxg6+ Kg8 21. Bh7# 1-0


[Site "https://www.chess.com"]

[Event "Titled Tuesday Blitz February 07 Early 2023"]
[White "Good, Daniel"]
[Black "Toczek, Grzegorz"]
[WhiteFideId "1302388"]
[BlackFideId "1106457"]
[WhiteElo "2141"]
[BlackElo "2260"]
[Result "0-1"]
[Round "05"]
[TimeControl "180+2"]
[Date "2023.02.07"]
[WhiteClock "0:00:01"]
[BlackClock "0:00:48"]

1. e4 e5 2. Nf3 d6 3. d4 Nd7 4. Bc4 Be7 5. O-O Ngf6 6. Nc3 O-O 7. h3 c6 8. Be3 b5 9. Bd3 a6 10. a4 b4 11. Ne2 a5 12. Ng3 Re8 13. Nf5 Bf8 14. Nh2 exd4 15. Bxd4 Nc5 16. f3 Bxf5 17. exf5 d5 18. Ng4 Nxg4 19. hxg4 Bd6 20. f6 g6 21. f4 Ne6 22. Be5 Bxe5 23. fxe5 Qb6+ 24. Kh1 Qd4 25. Qd2 Qxg4 26. Rf3 Qg5 27. Qf2 Qxe5 28. Re1 Qg5 29. Rg3 Qh4+ 30. Kg1 Qd4 31. Ree3 h5 32. Bxg6 Ng5 33. Be4 Rxe4 34. Rxg5+ Kf8 35. Reg3 Re1+ 0-1


[Site "https://www.chess.com"]

[Event "Titled Tuesday Blitz February 07 Early 2023"]
[White "Hertlein, Irena"]
[Black "sabkeIXO"]
[WhiteFideId "21817618"]
[WhiteElo "1994"]
[BlackElo "2467"]
[Result "0-1"]
[Round "05"]
[TimeControl "180+2"]
[Date "2023.02.07"]
[WhiteClock "0:00:09"]
[BlackClock "0:00:27"]

1. Nf3 Nf6 2. c4 g6 3. b3 Bg7 4. Bb2 O-O 5. g3 d6 6. d4 c5 7. Bg2 Nc6 8. O-O Bf5 9. Nbd2 Ne4 10. Nh4 Nxd2 11. Qxd2 Nxd4 12. Nxf5 Nxf5 13. Bxg7 Nxg7 14. Bxb7 Rb8 15. Bf3 Qb6 16. h4 Qb4 17. Qd3 a5 18. h5 a4 19. hxg6 hxg6 20. Rab1 axb3 21. Rxb3 Qa4 22. Bd5 e6 23. Rxb8 Rxb8 24. Bf3 Rd8 25. Qb3 Qxb3 26. axb3 Kf8 27. Ra1 Rb8 28. Ra6 Ke7 29. Ra7+ Kf6 30. Rd7 Ne8 31. Bc6 Rxb3 32. Rd8 Ng7 33. Rxd6 Nf5 34. Rd8 Nd4 35. Bf3 Rc3 36. Kg2 Nxf3 37. exf3 Rxc4 38. Rc8 Rc1 39. Rc7 c4 40. f4 c3 41. g4 c2 42. Kf3 g5 43. fxg5+ Kxg5 44. Rc5+ f5 45. gxf5 exf5 46. Rc8 Kf6 47. Kf4 Ke6 48. f3 Kd5 49. Rc7 Kd4 50. Kxf5 Kd3 51. f4 Rf1 52. Kg5 c1=Q 53. Rxc1 Rxc1 54. f5 Ke4 55. f6 Ke5 56. f7 Rf1 57. Kg6 Ke6 0-1


[Site "https://www.chess.com"]

[Event "Titled Tuesday Blitz February 07 Early 2023"]
[White "Adithya A Chullikkad"]
[Black "The_Sherman_Variation"]
[WhiteFideId "45078734"]
[WhiteElo "2259"]
[BlackElo "2461"]
[Result "1-0"]
[Round "05"]
[TimeControl "180+2"]
[Date "2023.02.07"]
[WhiteClock "0:00:17"]
[BlackClock "0:00:25"]

1. d4 Nf6 2. Bf4 d5 3. e3 c5 4. c3 Nc6 5. Nd2 Qb6 6. Qb3 c4 7. Qc2 g6 8. f3 Bg7 9. g4 h5 10. g5 Nd7 11. h4 e5 12. Bg3 O-O 13. Bh3 Re8 14. O-O-O Qa5 15. Kb1 b5 16. f4 e4 17. f5 Nb6 18. fxg6 fxg6 19. Bxc8 Rexc8 20. Nh3 b4 21. Nf4 Kh7 22. Rdf1 Na4 23. Nxd5 bxc3 24. Nxc3 Nxb2 25. Kxb2 Nb4 26. Qxe4 Nd3+ 27. Kc2 Re8 28. Qf3 Nb4+ 29. Kb1 Qa3 30. Rc1 Nd3 31. Rc2 Qb4+ 32. Ka1 Qa5 33. Rb1 Nb4 34. Nxc4 Nxc2+ 35. Kb2 Qb4+ 36. Kxc2 Qxc4 37. Rb7 Qe6 38. Qf7 Qxf7 39. Rxf7 Rxe3 40. Be5 Rg8 41. Nd5 Kh8 42. Nxe3 Bxe5 43. dxe5 Rc8+ 44. Kd3 Rd8+ 45. Ke4 Rb8 46. e6 Kg8 47. Ke5 Rb5+ 48. Kf6 Rb8 49. e7 a5 50. Rf8+ Rxf8+ 51. exf8=Q+ Kxf8 52. Kxg6 Kg8 53. Kxh5 Kh8 54. g6 a4 55. Kg5 a3 56. h5 Kg8 57. h6 Kh8 58. Ng4 Kg8 59. Nf6+ Kh8 60. g7# 1-0


[Site "https://www.chess.com"]

[Event "Titled Tuesday Blitz February 07 Early 2023"]
[White "Sanchez, Sebastian Felipe"]
[Black "Simonovic, Miroslav"]
[WhiteFideId "4403304"]
[BlackFideId "919152"]
[WhiteElo "2427"]
[BlackElo "2082"]
[Result "1-0"]
[Round "05"]
[TimeControl "180+2"]
[Date "2023.02.07"]
[WhiteClock "0:01:42"]
[BlackClock "0:00:48"]

1. d4 Nf6 2. Bg5 e6 3. Nd2 Be7 4. e3 O-O 5. Bd3 d5 6. f4 b6 7. Ngf3 c5 8. c3 cxd4 9. exd4 Bb7 10. Ne5 Ne4 11. Bxe7 Qxe7 12. O-O Nd7 13. Qe2 Ndf6 14. Ndf3 h6 15. g4 Nd7 16. Qg2 Nxe5 17. Nxe5 g6 18. f5 exf5 19. gxf5 Kh7 20. fxg6+ fxg6 21. Qxg6+ Kh8 22. Nf7+ Rxf7 23. Rxf7 Qxf7 24. Qxf7 Rg8+ 25. Kh1 Rg7 26. Qf8+ Kh7 27. Rg1 Rxg1+ 28. Kxg1 Kg6 29. Qb8 1-0


[Site "https://www.chess.com"]

[Event "Titled Tuesday Blitz February 07 Early 2023"]
[White "Szyszylo, Rafal"]
[Black "Demin, Vladimir"]
[WhiteFideId "1109626"]
[BlackFideId "4167457"]
[WhiteElo "2091"]
[BlackElo "2430"]
[Result "0-1"]
[Round "05"]
[TimeControl "180+2"]
[Date "2023.02.07"]
[WhiteClock "0:00:54"]
[BlackClock "0:01:59"]

1. e4 e5 2. Nf3 Nc6 3. Bb5 a6 4. Ba4 Bc5 5. d3 Nge7 6. c3 O-O 7. Nbd2 d6 8. Nf1 Ng6 9. h4 h5 10. Ng5 Bg4 11. f3 Bd7 12. Bb3 Na5 13. Bc2 Ba7 14. b4 Nc6 15. Bb3 Qf6 16. Ng3 Nf4 17. Bxf4 exf4 18. Nxh5 Qxc3+ 19. Ke2 Be3 20. Kf1 Nd4 21. Rb1 Bb5 22. Bc4 Bxc4 23. dxc4 Qxc4+ 24. Ke1 Nc2+ 0-1


[Site "https://www.chess.com"]

[Event "Titled Tuesday Blitz February 07 Early 2023"]
[White "Sharapov, Evgeny"]
[Black "Nunez V, Gustavo Eduardo"]
[WhiteFideId "14103133"]
[BlackFideId "4403690"]
[WhiteElo "2375"]
[BlackElo "2212"]
[Result "1-0"]
[Round "05"]
[TimeControl "180+2"]
[Date "2023.02.07"]
[WhiteClock "0:00:49"]
[BlackClock "0:00:34"]

1. e4 c5 2. Nf3 Nc6 3. d4 cxd4 4. Nxd4 Nf6 5. Nc3 e5 6. Ndb5 d6 7. Bg5 a6 8. Na3 b5 9. Nd5 Be7 10. Bxf6 Bxf6 11. c3 Bg5 12. Nc2 O-O 13. a4 bxa4 14. Rxa4 a5 15. Bc4 Bd7 16. Ra2 Qb8 17. O-O Bd8 18. b4 axb4 19. Rxa8 Qxa8 20. Ncxb4 Nxb4 21. cxb4 Qb7 22. Qd3 Bg5 23. Ra1 Ra8 24. Rxa8+ Qxa8 25. Nb6 Qa1+ 26. Qf1 Qxf1+ 27. Kxf1 Bc6 28. Bd5 Bb5+ 29. Ke1 Bc1 30. Bc4 Bc6 31. Nc8 Ba3 32. Ne7+ Kf8 33. Nxc6 g6 34. Kd2 Ke8 35. Kc2 Kd7 36. Bd5 f5 37. f3 fxe4 38. fxe4 g5 39. g4 h6 40. h3 Kc7 41. Kb3 Bc1 42. Ka4 Be3 43. Kb5 Kd7 44. Ka6 Kc7 45. b5 Bc5 46. Ne7 Kd7 47. Nf5 Kc7 48. Nxh6 Be3 49. Ng8 Bc5 50. Nf6 Be3 51. Bc6 Bc5 52. Nd5+ Kd8 53. b6 Kc8 54. b7+ Kb8 55. Bb5 Ba3 56. Ne7 d5 57. Nc6+ Kc7 58. b8=Q+ Kd7 59. Qd8+ Ke6 60. Qxd5+ Kf6 61. Qxe5+ Kf7 62. Bc4+ Kg6 63. Qf5+ Kg7 64. Qf7+ Kh6 65. Ne5 Bf8 66. Qg6# 1-0


[Site "https://www.chess.com"]

[Event "Titled Tuesday Blitz February 07 Early 2023"]
[White "Ortega Amarelle, Mariano"]
[Black "Matveeva, Olga"]
[WhiteFideId "3504301"]
[BlackFideId "24107018"]
[WhiteElo "2472"]
[BlackElo "2128"]
[Result "1-0"]
[Round "05"]
[TimeControl "180+2"]
[Date "2023.02.07"]
[WhiteClock "0:00:03"]
[BlackClock "0:00:15"]

1. e4 e6 2. d4 d5 3. e5 c5 4. c3 Nc6 5. Nf3 Qb6 6. Bd3 cxd4 7. cxd4 Bd7 8. Be2 Nge7 9. Na3 Nf5 10. Nc2 Be7 11. O-O O-O 12. Rb1 f6 13. Bd3 fxe5 14. dxe5 Rac8 15. b4 Be8 16. b5 Na5 17. Nfd4 Bg6 18. Nxf5 Bxf5 19. Be3 Qd8 20. Nd4 Bxd3 21. Qxd3 Qd7 22. f4 Nc4 23. f5 Nxe3 24. fxe6 Qc7 25. Qxe3 Bc5 26. Kh1 Qb6 27. Rxf8+ Rxf8 28. e7 Bxe7 29. Qd3 Bc5 30. Nf3 Rd8 31. h3 h6 32. Qf5 d4 33. e6 Qd6 34. Rd1 b6 35. Qf7+ Kh8 36. Nh4 d3 37. e7 Rg8 38. e8=Q 1-0


[Site "https://www.chess.com"]

[Event "Titled Tuesday Blitz February 07 Early 2023"]
[White "Manon-og, Ramon Jr."]
[Black "Cella, Glaucio Dalla Cortt"]
[WhiteFideId "5200776"]
[BlackFideId "2119455"]
[WhiteElo "1999"]
[BlackElo "1894"]
[Result "0-1"]
[Round "05"]
[TimeControl "180+2"]
[Date "2023.02.07"]
[WhiteClock "0:00:04"]
[BlackClock "0:01:14"]

1. e4 c5 2. Nf3 e6 3. d4 cxd4 4. Nxd4 Nf6 5. Bd3 Nc6 6. Be3 d5 7. Nxc6 bxc6 8. e5 Nd7 9. Bf4 g5 10. Bg3 h6 11. O-O h5 12. h3 Rb8 13. b3 g4 14. hxg4 Qg5 15. Qd2 Qxg4 16. Qe2 Qg7 17. Nd2 h4 18. Bh2 Nc5 19. c4 Rg8 20. g3 Nxd3 21. Qxd3 hxg3 22. Bxg3 Qxe5 23. cxd5 cxd5 24. Rfe1 Qf4 25. Nf1 Bc5 26. Kh2 Qh6+ 27. Kg2 e5 28. Rxe5+ Kf8 29. Rae1 Qh3+ 30. Kg1 Ba6 31. Qf3 Bxf1 32. Re8+ Rxe8 33. Rxe8+ Kxe8 0-1


[Site "https://www.chess.com"]

[Event "Titled Tuesday Blitz February 07 Early 2023"]
[White "Eynullayev, Atilla"]
[Black "Da Silva Junior, Sediney Mari"]
[WhiteFideId "13413570"]
[BlackFideId "2132079"]
[WhiteElo "2281"]
[BlackElo "2010"]
[Result "1-0"]
[Round "05"]
[TimeControl "180+2"]
[Date "2023.02.07"]
[WhiteClock "0:00:02"]
[BlackClock "0:00:04"]

1. e4 e6 2. d4 d5 3. e5 c5 4. c3 Nc6 5. Nf3 Qb6 6. a3 cxd4 7. cxd4 Nh6 8. Bd3 Be7 9. b4 Nf5 10. Bxf5 exf5 11. Nc3 Be6 12. O-O O-O 13. Na4 Qd8 14. Bd2 f6 15. Re1 Qd7 16. b5 Nd8 17. exf6 Bxf6 18. Nc5 Qf7 19. Ng5 Bxg5 20. Bxg5 b6 21. Nd3 Qd7 22. Nf4 Re8 23. Qh5 Bf7 24. Qh4 Qxb5 25. Re5 Nc6 26. Re3 Qb2 27. Rae1 Qxd4 28. h3 Rxe3 29. Rxe3 Qd1+ 30. Kh2 d4 31. Rg3 Ne5 32. Bf6 Ng6 33. Nxg6 hxg6 34. Be5 Qd2 35. Qe7 1-0


[Site "https://www.chess.com"]

[Event "Titled Tuesday Blitz February 07 Early 2023"]
[White "Lehtosaari, Mauri"]
[Black "Fathy, Elameir"]
[WhiteFideId "501999"]
[BlackFideId "10600396"]
[WhiteElo "2176"]
[BlackElo "2300"]
[Result "1-0"]
[Round "05"]
[TimeControl "180+2"]
[Date "2023.02.07"]
[WhiteClock "0:00:39"]
[BlackClock "0:00:03"]

1. d4 d5 2. Nf3 Nf6 3. Bg5 Bf5 4. c4 c6 5. Nc3 e6 6. Qb3 Qb6 7. c5 Qxb3 8. axb3 Be7 9. b4 O-O 10. e3 a6 11. Be2 Nbd7 12. O-O h6 13. Bh4 g5 14. Bg3 Nh5 15. Bc7 Rac8 16. Nd2 Rxc7 17. Bxh5 e5 18. dxe5 Nxe5 19. Be2 Bg6 20. Nf3 Nxf3+ 21. Bxf3 Rd8 22. Rfd1 Rcd7 23. Ne2 h5 24. h3 h4 25. Nd4 Bf6 26. Bg4 Re7 27. Rd2 Ra8 28. Kf1 Kg7 29. Rad1 Ree8 30. Ra1 Bxd4 31. Rxd4 Re4 32. Rxe4 Bxe4 33. Be2 Bf5 34. Ke1 Rd8 35. Rd1 Ra8 36. Kd2 Be4 37. f3 Bf5 38. Kc3 Kf6 39. Kd4 Bd7 40. Bd3 a5 41. Ra1 a4 42. Bc2 1-0


[Site "https://www.chess.com"]

[Event "Titled Tuesday Blitz February 07 Early 2023"]
[White "Bernat, David"]
[Black "Gurevich, Dmitry"]
[WhiteFideId "2099225"]
[BlackFideId "2000407"]
[WhiteElo "1862"]
[BlackElo "2393"]
[Result "1-0"]
[Round "05"]
[TimeControl "180+2"]
[Date "2023.02.07"]
[WhiteClock "0:00:08"]
[BlackClock "0:00:01"]

1. c4 c5 2. g3 g6 3. Bg2 Bg7 4. Nc3 Nc6 5. d3 Nf6 6. e4 d6 7. Nge2 O-O 8. O-O Ne8 9. Be3 Nc7 10. d4 cxd4 11. Nxd4 Ne6 12. Nde2 b6 13. e5 Bb7 14. exd6 Qxd6 15. Qxd6 exd6 16. Rfd1 Rad8 17. Rab1 Na5 18. b3 Bxg2 19. Kxg2 Nb7 20. Nb5 a6 21. Nbc3 Nbc5 22. b4 Nd7 23. Rxd6 Ne5 24. Rxd8 Nxd8 25. c5 b5 26. Rd1 Nc4 27. Bd4 Nc6 28. Bxg7 Kxg7 29. Nd4 Nxb4 30. a4 bxa4 31. Nxa4 Rc8 32. Rc1 Ne5 33. f4 Nec6 34. Nb6 Rc7 35. Nb3 a5 36. Rc4 h5 37. Na4 Na6 38. Kf3 Kf6 39. Ke4 Ke6 40. Nd4+ Nxd4 41. Kxd4 Nb4 42. Nb6 Nc6+ 43. Kc3 Kf5 44. h3 f6 45. Nd5 Rc8 46. Ne3+ Ke6 47. Re4+ Kd7 48. Kc4 Rb8 49. Nd5 Rb1 50. Nxf6+ Kc8 51. Kd5 Kc7 52. Kc4 Rb4+ 53. Kd3 Rb3+ 54. Kc2 Rxg3 55. Nd5+ Kd7 56. Nb6+ Kc7 57. Nd5+ Kd7 58. Nb6+ Kc7 59. Re8 Rxh3 60. Rc8+ Kb7 61. Rg8 Ka6 62. Rxg6 Kb5 63. Nd7 Nb4+ 64. Kd2 a4 65. Rb6+ Ka5 66. c6 Rd3+ 67. Ke2 Rc3 68. Rb8 Nxc6 69. Ra8+ Kb4 70. f5 1-0


[Site "https://www.chess.com"]